 Dungeon Crawl Stone Soup version 0.28-a0-1387-g3a22ab9bdc (webtiles) character file.

Game seed: 4446225359177425879

7826 swappor the Cleaver (level 11, -3/94 HPs)
             Began as a Minotaur Berserker on Jan 3, 2022.
             Was an Elder of Trog.
             Slain by a two-headed ogre (21 damage)
             ... on level 9 of the Dungeon.
             The game lasted 00:31:18 (13969 turns).

swappor the Cleaver (Minotaur Berserker)           Turns: 13969, Time: 00:31:19

Health: -3/94      AC: 16    Str: 22    XL:     11   Next: 1%
Magic:  10/10      EV: 23    Int:  8    God:    Trog [****..]
Gold:   370        SH:  9    Dex: 10    Spells: 10/10 levels left

rFire   + . .      SeeInvis .   a - +0 hand axe
rCold   . . .      Faith    .   r - +0 kite shield {reflect}
rNeg    . . .      Spirit   .   u - +0 chain mail
rPois   +          Reflect  +   (helmet restricted)
rElec   .          Harm     .   k - +0 cloak of Uheafock {rPois}
rCorr   .          Rampage  .   p - +2 pair of gloves
Will    +....                   f - +0 pair of boots
Stlth   ..........              c - amulet of the acrobat
HPRegen 0.25/turn               F - ring of protection from fire {rF+, !d}
MPRegen 0.12/turn               W - ring of willpower

@: acrobatic, very slow
A: horns 2, retaliatory headbutt
a: Renounce Religion, Berserk, Trog's Hand, Brothers in Arms


You were on level 9 of the Dungeon.
You worshipped Trog.
Trog was greatly pleased with you.
You visited 1 branch of the dungeon, and saw 10 of its levels.

You collected 370 gold pieces.

Inventory:

Hand Weapons
 a - a +0 hand axe (weapon)
 b - a +2 vorpal mace
   (You found it on level 4 of the Dungeon)
Missiles
 d - 67 arrows
 g - 2 javelins (quivered)
 n - 24 sling bullets
Armour
 f - a +0 pair of boots (worn)
   (You found it on level 1 of the Dungeon)
 k - the +0 cloak of Uheafock (worn) {rPois}
   (You found it on level 5 of the Dungeon)

   rPois:     It protects you from poison.
 p - a +2 pair of gloves (worn)
   (You found it on level 4 of the Dungeon)
 r - a +0 kite shield of reflection (worn)
   (You took it off a goblin on level 4 of the Dungeon)
 u - a +0 chain mail (worn)
   (You took it off an orc on level 4 of the Dungeon)
Jewellery
 c - an amulet of the acrobat (around neck)
   (You found it on level 5 of the Dungeon)
 C - a ring of protection from cold {rC+, !d}
   (You found it on level 3 of the Dungeon)
 F - a ring of protection from fire (left hand) {rF+, !d}
   (You found it on level 5 of the Dungeon)
 W - a ring of willpower (right hand)
   (You found it on level 9 of the Dungeon)
Wands
 h - a wand of acid (5)
   (You found it on level 7 of the Dungeon)
 j - a wand of polymorph (9)
   (You found it on level 2 of the Dungeon)
Scrolls
 e - a scroll of identify {@r1}
 i - a scroll of enchant armour {unknown}
 m - a scroll of fog {unknown}
 q - a scroll of magic mapping {unknown}
 E - 2 scrolls of fear
 K - a scroll of immolation {!r}
 V - 2 scrolls of vulnerability {!r!r}
 Y - 3 scrolls of teleportation {@r3}
Potions
 l - a potion of attraction {unknown}
 o - a potion of invisibility {unknown}
 t - a potion of degeneration {unknown}
 H - a potion of haste
 J - a potion of curing {@q1}
 L - 4 potions of flight
 M - a potion of magic
Miscellaneous
 z - a box of beasts
   (You found it on level 10 of the Dungeon)


   Skills:
 + Level 8.2 Fighting
 * Level 11.1 Axes
 + Level 7.8 Armour
 + Level 7.3 Dodging
 * Level 5.9 Shields
 * Level 7.6 Evocations


You had 10 spell levels left.
You didn't know any spells.
Your spell library was empty.

Dungeon Overview and Level Annotations

Branches:
Dungeon (10/15)            Temple (0/1) D:5
   Lair: D:8-11         Orc: D:9-12

Altars:
Uskayaw
Beogh

Shops:
D:3 !   D:5 :

Annotations:
D:4 2 runed translucent doors


Innate Abilities, Weirdness & Mutations

You have a pair of horns on your head.
You reflexively headbutt those who attack you in melee.


Message History

You start resting.
You feel sick.
You feel your anger nearly subside.
You are no longer berserk.
You are exhausted.
You feel yourself slow down.
You feel sick.
You now have 28/94 hp.
You start resting.
You feel very sick.
You feel sick.
A killer bee comes into view.
You take 6 damage, and have 22/94 hp.
A killer bee is nearby!
You feel sick.
The killer bee buzzes angrily.
A killer bee comes into view.
The killer bee moves out of view.
You take 1 damage, and have 21/94 hp.
You feel sick.
A killer bee comes into view.
You block the killer bee's attack.
The killer bee moves out of view.
You see here a killer bee corpse.
You take 2 damage, and have 19/94 hp.
You closely miss the killer bee. Your headbutt misses the killer bee.
You feel sick. You block the killer bee's attack.
The killer bee stings you but does no damage.
A killer bee comes into view.
The killer bee stings you but does no damage.
The killer bee moves out of view.
You take 1 damage, and have 18/94 hp.
You closely miss the killer bee.
The killer bee buzzes angrily.
Your headbutt misses the killer bee.
You feel sick.
You are no longer poisoned.
You hear an angry buzzing noise.
The killer bee barely misses you.
The killer bee stings you but does no damage. x2
You miss the killer bee. Your headbutt misses the killer bee.
The killer bee stings you.
* * * LOW HITPOINT WARNING * * *
The killer bee stings you but does no damage. x2
You take 3 damage, and have 15/94 hp.
You block the killer bee's attack. The killer bee barely misses you.
There is an open door here.
You block the killer bee's attack. x2; The killer bee completely misses you.
You block the killer bee's attack.
The killer bee stings you but does no damage.
A centaur warrior zombie comes into view.
You block the killer bee's attack. The killer bee misses you.
The killer bee closely misses you. The killer bee closely misses you.
You block the killer bee's attack. The killer bee completely misses you.
You block the killer bee's attack. x2; The killer bee misses you.
The centaur warrior zombie hits you.
* * * LOW HITPOINT WARNING * * *
The centaur warrior zombie kicks you but does no damage.
You take 1 damage, and have 16/94 hp.
The killer bee misses you. The killer bee closely misses you.
You furiously retaliate!
You headbutt the killer bee! You block the killer bee's attack.
The killer bee stings you.
* * * LOW HITPOINT WARNING * * *
The two-headed ogre completely misses you. x2
You take 1 damage, and have 15/94 hp.
The killer bee closely misses you. The killer bee misses you.
The two-headed ogre closely misses you. You block the two-headed ogre's attack.
The killer bee misses you. You block the killer bee's attack.
The killer bee barely misses you. You furiously retaliate!
You headbutt the killer bee, but do no damage.
The killer bee completely misses you.
There is an escape hatch in the ceiling here.
You block the killer bee's attack.
The killer bee stings you but does no damage.
The killer bee stings you!
* * * LOW HITPOINT WARNING * * *
You block the centaur warrior zombie's attack.
The centaur warrior zombie kicks you but does no damage.
The two-headed ogre hits you with a +0 giant club.
* * * LOW HITPOINT WARNING * * *
The two-headed ogre closely misses you. A mysterious force pulls you upwards.
The hatch slams shut behind you.
You take 9 damage, and have 7/94 hp.
The killer bee completely misses you. You furiously retaliate!
You headbutt the killer bee.
The killer bee stings you but does no damage.
The killer bee misses you. You furiously retaliate!
You headbutt the killer bee! You block the killer bee's attack.
You block the killer bee's attack.
You feel yourself speed up.
There is an open door here.
The killer bee misses you. You furiously retaliate!
You headbutt the killer bee!
You kill the killer bee!
Trog accepts your kill.
You recover from your berserk rage.
You block the two-headed ogre's attack. x2
You enter the shallow water.
Moving in this stuff is going to be slow.
The two-headed ogre hits you with a +0 giant club!!
You die...

.##..# #.....#.# #.###.#
.....# #.....#.# #.....#
####.# #.....#.######..####
.# #.# ###..##.#≈≈≈≈≈#.# .#
#.# ######.##.≈≈≈≈≈≈≈.# .#
#y####......##.≈≈###≈≈.#
'###'#........>##≈≈##≈##≈≈##
.......#.......#O≈≈#≈≈≈#≈≈≈#
.≈≈≈...#.......#@≈##≈≈≈##≈≈#
≈≈≈≈≈.##....<..#≈≈#≈≈≈≈≈#≈≈#
≈≈≈≈≈.'........+≈≈##≈≈≈##≈≈#
≈≈≈≈≈.###.......≈≈≈#≈≈≈#≈≈≈#
......# #........≈≈##≈##≈≈##
..[...# ##########≈≈≈≈P≈≈.#
≈≈≈≈..# #≈≈≈≈≈≈≈.# ≈≈≈≈..#
#.≈≈≈≈≈..# ≈≈≈...#
#.#..###.#


You could see a two-headed ogre.

Vanquished Creatures
  A two-headed ogre (D:7)
  Maurice (D:8)
  2 trolls
  A queen bee (D:10)
  Grinder (D:5)
  A hornet (D:9)
  4 yaks
  Grum (D:8)
  2 swamp worms (D:9)
  Edmund (D:4)
  An acid dragon (D:10)
  A water moccasin (D:4)
  3 orc warriors
  2 necrophages
  4 ogres
  3 wolves (D:8)
  6 centaurs
  A phantom (D:5)
  A kobold brigand (D:6)
  3 bullfrogs
  A gnoll sergeant (D:9)
  A water moccasin zombie (D:5)
  A wyvern zombie (D:7)
  2 scorpions
  A water moccasin skeleton (D:5)
  30 killer bees
  4 wights (D:5)
  3 howler monkeys
  A centaur zombie (D:7)
  A jelly (D:4)
  A bullfrog skeleton (D:6)
  5 orc priests
  A centaur skeleton (D:4)
  A gnoll shaman (D:4)
  A hound (D:6)
  3 iguanas
  Jessica (D:2)
  8 orc wizards
  A hound zombie (D:5)
  A hound skeleton (D:4)
  4 gnolls (D:9)
  9 adders
  A shadow imp (D:8)
  A worm (D:2)
  A dart slug (D:2)
  30 orcs
  A bat skeleton (D:2)
  6 endoplasms
  4 giant cockroaches
  13 goblins
  14 hobgoblins
  2 jackals
  3 quokkas
  7 ball pythons
  A ball python skeleton (D:2)
  A ball python zombie (D:2)
  6 bats
  3 frilled lizards
  11 kobolds
  A quokka skeleton (D:2)
  A quokka zombie (D:2)
  5 rats
233 creatures vanquished.

Vanquished Creatures (collateral kills)
  A giant cockroach (D:3)
1 creature vanquished.

Vanquished Creatures (others)
  3 plants (D:9)
  2 withered plants (D:2)
5 creatures vanquished.

Grand Total: 239 creatures vanquished

Notes
Turn   | Place    | Note
-------+----------+-------------------------------------------
     0 | D:1      | swappor the Minotaur Berserker began the quest for the Orb.
     0 | D:1      | Reached XP level 1. HP: 19/19 MP: 0/0
   146 | D:1      | Reached XP level 2. HP: 24/27 MP: 1/1
   215 | D:1      | Reached skill level 4 in Axes
   645 | D:1      | Reached ** piety under Trog
   646 | D:1      | Reached XP level 3. HP: 29/33 MP: 2/2
   750 | D:1      | Saving game... please wait.
   804 | D:2      | Reached skill level 3 in Armour
   833 | D:2      | Reached skill level 4 in Fighting
  1166 | D:2      | Noticed Jessica
  1602 | D:2      | Reached XP level 4. HP: 33/40 MP: 3/3
  1810 | D:2      | Reached skill level 3 in Dodging
  2180 | D:2      | Killed Jessica
  2331 | D:3      | Reached skill level 5 in Axes
  2475 | D:3      | Found a faded altar of an unknown god.
  2568 | D:3      | Reached *** piety under Trog
  2580 | D:3      | Found Lelighe's Distillery.
  3002 | D:3      | Reached skill level 1 in Evocations
  3002 | D:3      | Reached XP level 5. HP: 46/47 MP: 4/4
  3619 | D:4      | Noticed an ogre
  3631 | D:4      | Killed an ogre
  3768 | D:4      | Found a large runed translucent door.
  3772 | D:4      | Found a large runed translucent door.
  3831 | D:4      | Reached skill level 2 in Evocations
  3831 | D:4      | Reached XP level 6. HP: 53/53 MP: 5/5
  3835 | D:4      | Found a large runed translucent door.
  3835 | D:4      | Found a large runed translucent door.
  3992 | D:4      | Reached skill level 4 in Armour
  4328 | D:4      | Reached skill level 6 in Axes
  4348 | D:4      | Reached skill level 5 in Fighting
  4348 | D:4      | Reached XP level 7. HP: 31/61 MP: 6/6
  4562 | D:4      | Reached skill level 4 in Dodging
  4571 | D:4      | Reached skill level 3 in Evocations
  4586 | D:4      | Noticed a yak
  4717 | D:3      | Killed a yak
  4978 | D:4      | Reached skill level 7 in Axes
  5225 | D:4      | Reached skill level 5 in Armour
  5225 | D:4      | Reached XP level 8. HP: 56/69 MP: 7/7
  5380 | D:5      | Entered Level 5 of the Dungeon
  5433 | D:5      | Noticed Grinder
  5446 | D:5      | Reached skill level 4 in Evocations
  5455 | D:5      | Paralysed by Grinder for 3 turns
  5463 | D:5      | Killed Grinder
  5643 | D:5      | Reached skill level 6 in Fighting
  5643 | D:5      | Reached skill level 5 in Dodging
  5708 | D:5      | Found a staircase to the Ecumenical Temple.
  5792 | D:5      | Noticed Edmund
  5833 | D:4      | HP: 17/70 [Edmund (6)]
  5836 | D:4      | Killed Edmund
  5837 | D:4      | Reached skill level 8 in Axes
  6236 | D:5      | Reached skill level 5 in Evocations
  6542 | D:5      | Found Xekh's Book Boutique.
  6554 | D:5      | Identified the +0 cloak of Uheafock {rPois}
  6675 | D:5      | Reached XP level 9. HP: 69/78 MP: 8/8
  6804 | D:5      | Reached skill level 6 in Armour
  7008 | D:5      | Reached **** piety under Trog
  7407 | D:6      | Found a hide-covered altar of Uskayaw.
  7781 | D:6      | Reached skill level 9 in Axes
  8214 | D:7      | Noticed a two-headed ogre
  8237 | D:7      | Killed a two-headed ogre
  8238 | D:7      | Reached skill level 7 in Fighting
  8238 | D:7      | Reached skill level 6 in Dodging
  8238 | D:7      | Reached skill level 1 in Shields
  8238 | D:7      | Reached skill level 6 in Evocations
  8826 | D:8      | Noticed Grum
  8851 | D:8      | Reached skill level 2 in Shields
  8887 | D:8      | Killed Grum
  9161 | D:8      | Reached skill level 3 in Shields
  9331 | D:8      | Reached XP level 10. HP: 63/86 MP: 9/9
  9530 | D:8      | Noticed Maurice
  9611 | D:8      | HP: 21/86 [something (3)]
  9621 | D:8      | Killed Maurice
  9622 | D:8      | Reached skill level 10 in Axes
  9622 | D:8      | Reached skill level 7 in Armour
 11020 | D:9      | Reached skill level 4 in Shields
 11176 | D:9      | Identified the +5 great sword of Waetivym {vamp, rF+ rCorr
                  | Str+4 Int+2}
 11392 | D:8      | HP: 20/86 [troll (8)]
 11691 | D:9      | Reached skill level 7 in Evocations
 11960 | D:9      | HP: 21/88 [swamp worm (18)]
 11965 | D:9      | HP: 32/132 [swamp worm/harpoon shot (1)]
 12632 | D:10     | Entered Level 10 of the Dungeon
 12632 | D:10     | Noticed a two-headed ogre
 12862 | D:10     | Reached skill level 5 in Shields
 12869 | D:10     | HP: 22/88 [killer bee (3)]
 12875 | D:10     | HP: 12/88 [killer bee (2)]
 12880 | D:10     | HP: 9/88 [poisoned by a killer bee]
 12881 | D:10     | Reached skill level 7 in Dodging
 13223 | D:10     | Reached skill level 8 in Fighting
 13455 | D:10     | Reached skill level 11 in Axes
 13464 | D:10     | HP: 21/88 [troll (6)]
 13469 | D:10     | HP: 13/132 [troll (13)]
 13909 | D:10     | Reached XP level 11. HP: 59/94 MP: 10/10
 13917 | D:10     | HP: 22/94 [poisoned by a killer bee]
 13922 | D:10     | HP: 15/94 [killer bee (3)]
 13927 | D:10     | HP: 16/94 [centaur warrior zombie (1)]
 13932 | D:10     | HP: 9/94 [killer bee (7)]
 13969 | D:9      | Slain by a two-headed ogre

Illustrated notes

Levels and vault maps discovered:
D:1:      dpeg_arrival_more_subterranean_lakeside_camping, layout_rooms
D:2:      layout_loops_ring, serial_undead, serial_undead_d, serial_undead_f,
          serial_undead_f, serial_undead_a, nicolae_figureground_pulse,
          uniq_jessica
D:3:      minmay_angry_zag, layout_basic, serial_shops, shop_fountains,
          hellmonk_ecumenical_altar_defaced_shrine,
          minmay_fractal_squares_diagonal_5
D:4:      layout_basic, nrook_mini_backslash, minmay_hollow_rounded_squares
D:5:      layout_gridville, minmay_temple_entry_tees, serial_shops,
          kennysheep_mini_moat, uniq_edmund, uniq_grinder
D:6:      layout_rooms, eat_drink_and_be_merry_uskayaw
D:7:      layout_basic, due_unseen_surprise
D:8:      layout_basic, minmay_misc_feat_alley, uniq_grum, uniq_maurice
D:9:      layout_basic, worms_lemuel
D:10:     layout_gridville, special_room [special_room_bee],
          kennysheep_generic_room_13

Skill      XL: |  1  2  3  4  5  6  7  8  9 10 |
---------------+-------------------------------+-----
Axes           | 4 5 6 7 8 9 11 | 11.1
Armour         | 3 4 5 6 7 |  7.8
Fighting       | 4 5 6 7 8 |  8.2
Dodging        | 3 4 5 6 7 |  7.3
Evocations     | 1 2 3 5 6 7 |  7.6
Shields        | 3 5 |  5.9

Action                   |  1- 3 |  4- 6 |  7- 9 | 10-12 || total
-------------------------+-------+-------+-------+-------++-------
Melee: Hand axe          |   111 |   111 |   339 |   328 ||   889
       Headbutt          |    17 |    22 |    61 |    70 ||   170
Invok: Berserk           |       |     2 |     6 |     5 ||    13
       Trog's Hand       |       |       |     1 |       ||     1
  Use: Scroll            |       |     2 |     9 |       ||    11
       Potion            |       |       |       |     1 ||     1
 Stab: Sleeping          |     2 |       |       |       ||     2
Armor: Animal skin       |    32 |    20 |    48 |       ||   100
       Chain mail        |       |       |    91 |   227 ||   318
Dodge: Dodged            |    76 |    61 |   188 |   219 ||   544
Block: Kite shield       |       |       |    52 |   185 ||   237
       Reflection        |       |       |       |     7 ||     7

Table legend: (Time is in decaauts)
 A = Elapsed time spent in this place.
 B = Non-inter-level travel time spent in this place.
 C = Inter-level travel time spent in this place.
 D = Time resting spent in this place.
 E = Time spent auto-exploring this place.
 F = Levels seen in this place.
 G = Mean time per level.
                   A        B        C        D        E       F      G
               +--------+--------+--------+--------+--------+-----+--------+
         Total |  14119 |  13625 |    494 |   2315 |   8651 |  10 | 1411.9 |
       Dungeon |  14119 |  13625 |    494 |   2315 |   8651 |  10 | 1411.9 |
               +--------+--------+--------+--------+--------+-----+--------+

Top non-repeatable levels by time:
     D:8: 2132 daAuts
     D:9: 1885 daAuts
     D:4: 1825 daAuts
     D:3: 1665 daAuts
     D:5: 1648 daAuts
     D:2: 1497 daAuts
     D:7: 991 daAuts
    D:10: 967 daAuts
     D:1: 804 daAuts
     D:6: 701 daAuts

Table legend:
 A = Kills in this place as a percentage of kills in entire the game.
 B = Kills by you in this place as a percentage of kills by you in the entire game.
 C = Kills by friends in this place as a percentage of kills by friends in the entire game.
 D = Other kills in this place as a percentage of other kills in the entire game.
 E = Experience gained in this place as a percentage of experience gained in the entire game.
 F = Experience gained in this place divided by the number of levels of this place that you have seen.
                   A       B       C       D       E      F
               +-------+-------+-------+-------+-------+----------------------
         Total | 100.0 | 100.0 | 100.0 |   N/A | 100.0 | 1118.0
       Dungeon | 100.0 | 100.0 | 100.0 |   N/A | 100.0 | 1118.0
               +-------+-------+-------+-------+-------+----------------------
